Map: Tours du crépuscule

Players

Worming

  • Race: Zerg Zerg
  • League: Diamond

ZergMachine - Winner!

  • Race: Zerg Zerg
  • League: Diamond

VOD

Have the link to the VOD?

Description

Time

  • Played on: July 5, 2016, 2:22 p.m.
  • Length: 4:49
Show
View Real Time Build Order
Export as new Build Order

Worming Zerg 

Build Orders: 3 Hatch before Pool 

Get SALT Encoding   

  12  0:01  Drone  
  13  0:12  Overlord  
  13  0:17  Drone  
  14  0:31  Drone x2  
  14  0:35  Drone  
  17  0:52  Hatchery  
  17  0:55  Drone  
  17  0:57  Drone  
  18  1:07  Drone  
  19  1:21  Hatchery  
  18  1:25  Drone  
  18  1:27  Extractor  
  18  1:40  Spawning Pool  
  18  1:41  Drone  
  19  1:54  Drone  
  19  1:55  Drone  
  20  2:05  Drone, Overlord  
  21  2:27  Queen x2  
  21  2:28  Zergling x4  
  27  2:33  Metabolic Boost  
  27  2:36  Drone  
  28  2:48  Drone x5  
  33  2:56  Drone x3  
  36  3:02  Drone x2  
  38  3:12  Drone x3  
  41  3:16  Overlord  
  41  3:30  Baneling Nest, Queen  
  42  3:34  Overlord  
  42  3:36  Drone x5  
  47  3:43  Zergling x6  
  50  3:49  Overlord  
  50  3:56  Spine Crawler  
  46  4:07  Zergling x6  
  46  4:08  Zergling x12  
  43  4:17  Zergling x2  
  43  4:18  Zergling x2  
  43  4:20  Zergling x2  
  43  4:21  Zergling x4  
  43  4:23  Spine Crawler  
  44  4:24  Spine Crawler  
Show
View Real Time Build Order
Export as new Build Order

ZergMachine Zerg - Winner!

Build Orders: Hatch First 

Get SALT Encoding   

  12  0:01  Drone  
  13  0:08  Drone  
  14  0:18  Overlord  
  14  0:24  Extractor  
  14  0:25  Drone  
  15  0:39  Drone x2  
  17  0:53  Hatchery  
  17  0:56  Drone  
  17  1:00  Drone  
  18  1:11  Extractor  
  18  1:15  Spawning Pool  
  16  1:19  Drone  
  16  1:21  Drone  
  18  1:28  Drone  
  19  1:38  Overlord  
  19  2:00  Drone  
  20  2:02  Zergling x2  
  20  2:03  Queen  
  20  2:05  Queen  
  20  2:07  Drone  
  26  2:10  Drone  
  26  2:12  Metabolic Boost  
  27  2:18  Drone  
  27  2:21  Drone  
  29  2:27  Drone  
  30  2:33  Baneling Nest, Drone  
  30  2:38  Drone  
  31  2:46  Drone  
  31  2:50  Drone  
  33  3:04  Zergling x2  
  33  3:05  Overlord  
  34  3:10  Zergling x2, Hatchery  
  34  3:11  Zergling x2  
  34  3:15  Zergling x4  
  34  3:16  Overlord  
  36  3:23  Zergling x6  
  39  3:29  Zergling x4  
  39  3:33  Zergling x2  
  42  3:39  Zergling x2  
  43  3:42  Zergling x2  
  43  3:46  Zergling x8  
  43  3:47  Zergling x2  
  49  3:49  Baneling x4  
  49  3:50  Baneling  
  49  3:59  Zergling x6  
  44  4:20  Zergling x2  
  44  4:21  Zergling x12  
  44  4:22  Baneling x2  
Tags
 
Add a new tag
Caveats
  • Supply blocks, unpowered buildings, or Contaminate may cause inaccurate times.
  • Supply counts are checked every 10 seconds.